 Dungeon Crawl Stone Soup version 0.29-a0-717-g6dac4ea423 (webtiles) character file.

Game seed: 15744334852330087343

101 polve the Slasher (level 4, 0/28 HPs)
             Began as a Tengu Berserker on June 26, 2022.
             Was a Believer of Trog.
             Slain by a kobold
             ... wielding a +0 dagger
              (1 damage)
             ... on level 2 of the Dungeon.
             The game lasted 00:01:10 (1308 turns).

polve the Slasher (Tengu Berserker)                 Turns: 1308, Time: 00:01:11

Health: 0/28       AC:  2    Str: 19    XL:     4   Next: 75%
Magic:  5/5        EV: 12    Int:  7    God:    Trog [**....]
Gold:   46         SH:  0    Dex: 14    Spells: 3/3 levels left

rFire   . . .      SeeInvis .   a - +0 falchion
rCold   . . .      Faith    .   (no shield)
rNeg    . . .      Spirit   .   b - +0 animal skin
rPois   .          Reflect  .   (helmet restricted)
rElec   .          Harm     .   (no cloak)
rCorr   .          Rampage  .   (no gloves)
Will    .....                   (boots unavailable)
Stlth   +.........              (no amulet)
HPRegen 0.09/turn               (no ring)
MPRegen 0.09/turn               (no ring)

@: no status effects
A: beak, talons 3
a: Renounce Religion, Berserk, Trog's Hand


You were on level 2 of the Dungeon.
You worshipped Trog.
Trog was pleased with you.
You visited 1 branch of the dungeon, and saw 2 of its levels.

You collected 46 gold pieces.

Inventory:

Hand Weapons
 a - a +0 falchion (weapon)
Armour
 b - a +0 animal skin (worn)
Scrolls
 d - a scroll of brand weapon {unknown}
 e - a scroll of magic mapping {unknown}
 g - a scroll of identify {unknown}
Potions
 c - a potion of brilliance {unknown}
 f - a potion of mutation {unknown}
 h - a potion of attraction {unknown}
 i - a potion of might {unknown}
 j - a potion of degeneration {unknown}
 k - a potion of ambrosia {unknown}


   Skills:
 - Level 3.0 Fighting
 + Level 5.9 Long Blades
 - Level 2.1 Armour
 - Level 2.1 Dodging


You had 3 spell levels left.
You didn't know any spells.
Your spell library was empty.

Dungeon Overview and Level Annotations

Branches:
Dungeon (2/15)

Altars:

Annotations:
D:2 Sigmund


Innate Abilities, Weirdness & Mutations

You have a beak for a mouth.
You have claws for feet.


Message History

Natasha closely misses you.
You hit Natasha. Your kick misses Natasha.
Natasha is heavily wounded.
Natasha barely misses you. Natasha claws you!
* * * LOW HITPOINT WARNING * * *
You hit Natasha. You claw Natasha.
You kill Natasha!
Trog accepts your kill.
Trog appreciates your killing of a magic user.
Natasha screams in fury as she dies!
Sigmund points at you and mumbles some strange words.
The puff of flame misses you.
You feel yourself speed up.
You see here a rat corpse.
Found a ring mail.
Sigmund says, "You will soon forget everything."
A kobold comes into view. It is wielding a +0 dagger.
Found a cloak.
You recover from your berserk rage.
The kobold shouts!
A hobgoblin comes into view.
The hobgoblin shouts!
The kobold hits you with a +0 dagger.
* * * LOW HITPOINT WARNING * * *
You barely miss the hobgoblin. Your kick misses the hobgoblin.
You peck the hobgoblin.
The hobgoblin is heavily wounded.
The hobgoblin hits you.
* * * LOW HITPOINT WARNING * * *
The kobold hits you but does no damage.
You slash the hobgoblin!
You kill the hobgoblin!
Trog accepts your kill. The kobold closely misses you.
The kobold hits you with a +0 dagger.
* * * LOW HITPOINT WARNING * * *
You see here a hobgoblin corpse.
The kobold closely misses you. The kobold attacks as you move away!
The kobold hits you with a +0 dagger.
You die...

#..[.....(..#.# #########
#####.###.#.#.# #. #S#
#.#.#.# ##. #@# #...#.# #..
#.# ##..#.# #.. #.# #..#.##
#.. #.# #.....#. #.#
.#####S####..#.............
#.......@.K@...#.#
#.#######
#######...†..[.....
#############


You could see Sigmund, an adder and a kobold.

Vanquished Creatures
  Natasha (twice) (D:2)
  A dart slug (D:1)
  8 ball pythons
  5 bats
  6 endoplasms
  4 giant cockroaches
  A goblin (D:2)
  3 hobgoblins
  4 jackals (D:2)
  2 kobolds (D:1)
  3 quokkas
  A frilled lizard (D:1)
  3 rats
43 creatures vanquished.

Notes
Turn   | Place    | Note
-------+----------+-------------------------------------------
     0 | D:1      | polve the Tengu Berserker began the quest for the Orb.
     0 | D:1      | Reached XP level 1. HP: 14/14 MP: 2/2
    49 | D:1      | Reached XP level 2. HP: 14/19 MP: 3/3
   177 | D:1      | Reached skill level 4 in Long Blades
   456 | D:1      | Found a faded altar of an unknown god.
   694 | D:1      | Reached XP level 3. HP: 23/23 MP: 4/4
   778 | D:1      | Reached ** piety under Trog
  1237 | D:2      | Noticed Natasha
  1254 | D:2      | Reached skill level 5 in Long Blades
  1256 | D:2      | Killed Natasha
  1257 | D:2      | Reached XP level 4. HP: 19/28 MP: 5/5
  1278 | D:2      | Noticed Natasha
  1283 | D:2      | Noticed Sigmund
  1286 | D:2      | Killed Natasha
  1306 | D:2      | HP: 1/28 [kobold/+0 dagger (3)]
  1308 | D:2      | Slain by a kobold

Illustrated notes

Levels and vault maps discovered:
D:1:      dpeg_arrival_houses_and_road, layout_rooms,
          hellmonk_ecumenical_altar_crossroads
D:2:      layout_loops_ring, minmay_misc_feat_five, uniq_natasha, uniq_sigmund

Skill      XL: |  1  2  3 |
---------------+----------+-----
Long Blades    | 4 5 |  5.9
Fighting       | |  3.0
Armour         | |  2.1
Dodging        | |  2.1

Action                   |  1- 3 |  4- 6 || total
-------------------------+-------+-------++-------
Melee: Falchion          |    73 |    14 ||    87
       Peck              |     9 |     2 ||    11
       Kick              |    12 |     3 ||    15
       Punch             |     1 |       ||     1
Invok: Berserk           |     1 |       ||     1
Armor: Animal skin       |    22 |     5 ||    27
Dodge: Dodged            |    51 |    13 ||    64

Table legend: (Time is in decaauts)
 A = Elapsed time spent in this place.
 B = Non-inter-level travel time spent in this place.
 C = Inter-level travel time spent in this place.
 D = Time resting spent in this place.
 E = Time spent auto-exploring this place.
 F = Levels seen in this place.
 G = Mean time per level.
                   A        B        C        D        E       F      G
               +--------+--------+--------+--------+--------+-----+--------+
         Total |   1322 |   1295 |     27 |      7 |   1054 |   2 |  661.0 |
       Dungeon |   1322 |   1295 |     27 |      7 |   1054 |   2 |  661.0 |
               +--------+--------+--------+--------+--------+-----+--------+

Top non-repeatable levels by time:
     D:1: 1074 daAuts
     D:2: 247 daAuts
